 Dungeon Crawl Stone Soup version 0.31-a0-188-g5e087ee2ca (webtiles) character file.

Game seed: 13838321750898898346

23 qw the Shooter (level 2, 0/16 HPs)
             Began as a Deep Elf Hunter on June 23, 2023.
             Succumbed to an adder's poison
             ... on level 1 of the Dungeon.
             The game lasted 00:00:17 (846 turns).

qw the Shooter (Deep Elf Hunter)                     Turns: 846, Time: 00:00:17

Health: 0/16       AC:  7    Str:  8    XL:     2   Next: 75%
Magic:  4/4        EV: 10    Int: 13    God:
Gold:   18         SH:  0    Dex: 18    Spells: 1/1 levels left

rFire   . . .        Y - +0 shortbow
rCold   . . .        (shield currently unavailable)
rNeg    . . .        d - +2 ring mail
rPois   .            (no helmet)
rElec   .            (no cloak)
rCorr   .            (no gloves)
SInv    .            (no boots)
Will    .....        (no amulet)
Stlth   +            (no ring)
HPRegen 0.22/turn    (no ring)
MPRegen 0.09/turn

%: no passive effects
@: lethally poisoned (0 -> -4)
A: no striking features
a: no special abilities


You were on level 1 of the Dungeon.
You visited 1 branch of the dungeon, and saw 2 of its levels.

You collected 18 gold pieces.


   Skills:
 - Level 1.5 Fighting
 + Level 6.5 Ranged Weapons
 - Level 2.4 Dodging
 - Level 1.2 Stealth


You had one spell level left.
You didn't know any spells.
Your spell library was empty.

Inventory:

Hand Weapons
 Y - a +0 shortbow (weapon)
Armour
 d - a +2 ring mail (worn)
Potions
 g - a potion of curing
 i - a potion of ambrosia {unknown}

Dungeon Overview and Level Annotations

Branches:
Dungeon (2/15)

Altars:

Shops:
D:1 =


Message History

822 ||| DRINKING 2 inky potions.
It was a potion of curing.
You feel better.
Partly explored, can't reach some places.
Partly explored, can't reach some places.
828 ||| DROPPING scroll of butterflies.
You drop a scroll of butterflies.
You see here a book of the Wilderness.
Partly explored, can't reach some places.
Partly explored, can't reach some places.
(D) Dungeon
Where to? (* - list waypoints, ? - help)
What level of the Dungeon? (default 1, ? - help)
You see here a scroll of butterflies.
There is a stone staircase leading down here.
You climb downwards.
Found a plate armour and a ring mail.
There is a stone staircase leading up here.
There are monsters nearby!
Waypoint 1 assigned to D:2.
You shoot an arrow. The arrow hits the hobgoblin!
You kill the hobgoblin!
The adder hisses angrily.
You shoot an arrow. The arrow closely misses the adder.
You shoot an arrow. The arrow hits the adder.
The adder is moderately wounded.
The adder bites you.
You are poisoned.
The adder poisons you! The adder bites you.
You are lethally poisoned!
The adder poisons you!
843 ||| STAIRDANCE You feel very sick.
The adder bites you but does no damage.
You climb upwards.
You feel very sick.
There is a stone staircase leading down here.
You shoot an arrow. The arrow hits the adder!
The adder is almost dead.
You feel very sick. The adder barely misses you. The adder bites you.
You shoot an arrow. The arrow hits the adder!
You kill the adder!
You die...

#.......[# #.#
#........# #.#
#........#######.#
#........##....#.#
#.....%.....##.#.#
#........#####.#.#
######.........#.#
################%#
...).......:...?@#
#######....#.###.#
#.........# #.#
#.#.#.....# #.#
#.#....##.# #.#
#.#.....#.# #.#
#.....###.# #.#
###.#.....# #.#
#.#########.#


There were no monsters in sight!

Vanquished Creatures
  An adder (D:1)
  A dart slug (D:1)
  5 bats (D:1)
  A giant cockroach (D:1)
  4 goblins (D:1)
  2 hobgoblins
  3 kobolds (D:1)
  A frilled lizard (D:1)
  3 rats (D:1)
21 creatures vanquished.

Notes
Turn   | Place    | Note
-------+----------+-------------------------------------------
     0 | D:1      | qw the Deep Elf Hunter began the quest for the Orb.
     0 | D:1      | Reached XP level 1. HP: 12/12 MP: 3/3
     0 | D:1      | 0 ||| qw: Version: 0.3-a-9-g12657ce
     0 | D:1      | 0 ||| qw: Game counter: 3130
     0 | D:1      | 0 ||| qw: Always use a shield: true
     0 | D:1      | 0 ||| qw: God list: Okawaru
     0 | D:1      | 0 ||| qw: Allow faded altars: false
     0 | D:1      | 0 ||| qw: Do Orc after D:15 true
     0 | D:1      | 0 ||| qw: Do second Lair branch before Depths: true
     0 | D:1      | 0 ||| qw: Lair rune preference: random
     0 | D:1      | 0 ||| qw: Plans: Normal
     0 | D:1      | 0 ||| PLANNING D:1-11
   183 | D:1      | Reached skill level 6 in Ranged Weapons
   183 | D:1      | Reached XP level 2. HP: 16/16 MP: 4/4
   359 | D:1      | Found Saonn's Jewellery Shop.
   363 | D:1      | 363 ||| SHOPLISTING +6 ring of strength (396 gold, have
                  | 18).
   363 | D:1      | 363 ||| SHOPLISTING amulet of the acrobat (330 gold, have
                  | 18).
   363 | D:1      | 363 ||| SHOPLISTING ring of ice (275 gold, have 18).
   363 | D:1      | 363 ||| SHOPLISTING ring of poison resistance (220 gold,
                  | have 18).
   363 | D:1      | 363 ||| SHOPLISTING ring of resist corrosion (220 gold,
                  | have 18).
   693 | D:1      | 693 ||| UPGRADING to +0 ring mail.
   703 | D:1      | 703 ||| DROPPING +0 leather armour.
   706 | D:1      | 706 ||| READING 3 scrolls labelled CUWACUR DOLAADA.
   707 | D:1      | 707 ||| READING 2 scrolls of enchant armour.
   707 | D:1      | 707 ||| ENCHANTING +0 ring mail.
   708 | D:1      | 708 ||| READING scroll of enchant armour.
   708 | D:1      | 708 ||| ENCHANTING +1 ring mail.
   713 | D:1      | 713 ||| READING scroll labelled BOEDWYGIQI.
   821 | D:1      | 821 ||| READING scroll labelled RAUNUG NARASS.
   822 | D:1      | 822 ||| DRINKING 2 inky potions.
   828 | D:1      | 828 ||| DROPPING scroll of butterflies.
   843 | D:2      | 843 ||| STAIRDANCE
   845 | D:1      | HP: 4/16 [poisoned by an adder]
   845 | D:1      | HP: 1/16 [adder (3)]
   846 | D:1      | Succumbed to an adder's poison

Levels and vault maps discovered:
D:1:      lightli_molten_gateway, layout_basic, serial_shops, shop
D:2:      minmay_spotlight, layout_basic

Skill      XL: |  1 |
---------------+----+-----
Ranged Weapons | 6 |  6.5
Fighting       | |  1.5
Dodging        | |  2.4
Stealth        | |  1.2

Action                     || total
---------------------------++-------
   Fire: Shortbow          ||    59
    Use: Scroll            ||     5
         Potion            ||     1
 Armour: Leather armour    ||     5
         Ring mail         ||     1
  Dodge: Dodged            ||     7

Table legend:
 A = Non-vault XP
 B = Vault XP
 C = Vault XP percentage of total XP
 D = Non-vault monster count
 E = Vault monster count
 F = Vault count percentage of total count
                 A         B        C        D         E       F
            +---------+---------+-------+---------+---------+-------
      Total |      47 |       0 |   0.0 |      21 |       0 |   0.0
            +---------+---------+-------+---------+---------+-------
        D:1 |      45 |       0 |   0.0 |      20 |       0 |   0.0
        D:2 |       2 |       0 |   0.0 |       1 |       0 |   0.0
            +---------+---------+-------+---------+---------+-------
